 Dungeon Crawl Stone Soup version 0.27.0-66-gdc8fb28755 (webtiles) character file.

Game seed: 15710228685937444072

46 Renzlar the Shield-Bearer (level 3, 0/35 HPs)
             Began as a Gnoll Fighter on Aug 20, 2021.
             Slain by a worm (3 damage)
             ... on level 2 of the Dungeon.
             The game lasted 00:02:33 (1056 turns).

Renzlar the Shield-Bearer (Gnoll Fighter)           Turns: 1056, Time: 00:02:34

Health: 0/35       AC:  7    Str: 16    XL:     3   Next: 66%
Magic:  4/4        EV:  8    Int:  7    God:
Gold:   39         SH: 10    Dex: 11    Spells: 3/3 levels left

rFire    . . .     SeeInvis .   a - +0 war axe
rCold    . . .     Faith    .   k - +0 kite shield
rNeg     . . .     Spirit   .   b - +0 scale mail
rPois    .         Reflect  .   (no helmet)
rElec    .         Harm     .   (no cloak)
rCorr    .         Rampage  .   (no gloves)
Will     .....                  (no boots)
Stlth    ..........             (no amulet)
HPRegen  0.11/turn              (no ring)
MPRegen  0.09/turn              (no ring)

@: no status effects
A: fangs 1, strong nose, distributed training
a: no special abilities


You were on level 2 of the Dungeon.
You visited 1 branch of the dungeon, and saw 2 of its levels.

You collected 39 gold pieces.

Inventory:

Hand Weapons
 a - a +0 war axe (weapon)
 c - a +0 hunting sling
Missiles
 i - 35 sling bullets
Armour
 b - a +0 scale mail (worn)
 k - a +0 kite shield (worn)
Scrolls
 e - a scroll of enchant weapon {unknown}
 g - a scroll of fear {unknown}
Potions
 d - a potion of might
 f - a potion of heal wounds {unknown}
 h - a potion of attraction {unknown}
 j - a potion of lignification {unknown}


   Skills:
 + Level 6.5 Fighting
 + Level 0.9 Short Blades
 + Level 0.9 Long Blades
 + Level 4.5 Axes
 + Level 0.9 Maces & Flails
 + Level 0.9 Polearms
 + Level 0.9 Staves
 + Level 0.9 Slings
 + Level 0.9 Bows
 + Level 0.9 Crossbows
 + Level 0.9 Throwing
 + Level 6.5 Armour
 + Level 0.9 Dodging
 + Level 0.9 Stealth
 + Level 6.5 Shields
 + Level 0.9 Unarmed Combat
 + Level 0.9 Spellcasting
 + Level 0.6 Conjurations
 + Level 0.6 Hexes
 + Level 0.6 Summonings
 + Level 0.6 Necromancy
 + Level 0.6 Translocations
 + Level 0.6 Transmutations
 + Level 0.6 Fire Magic
 + Level 0.6 Ice Magic
 + Level 0.6 Air Magic
 + Level 0.6 Earth Magic
 + Level 0.6 Poison Magic
 + Level 1.0 Invocations
 + Level 0.9 Evocations


You had 3 spell levels left.
You didn't know any spells.
Your spell library was empty.

Dungeon Overview and Level Annotations

Branches:
Dungeon (2/15)

Altars:


Innate Abilities, Weirdness & Mutations

You have very sharp teeth.
Your uncanny sense of smell can sniff out nearby items.
Your experience applies equally to all skills.


Message History

The gnoll shouts!
You see here a sling bullet.
The gnoll closely misses you.
Your scale mail prevents you from hitting the gnoll.
You bite the gnoll.
The gnoll is lightly wounded.
The gnoll hits you with a +0 spear!
You barely miss the gnoll. You bite the gnoll, but do no damage.
The gnoll is lightly wounded.
The gnoll hits you with a +0 spear. The gnoll hits you but does no damage.
You barely miss the gnoll.
The gnoll is lightly wounded.
You completely miss the worm. The gnoll hits you but does no damage.
The worm bites you!
You barely miss the gnoll.
The gnoll is lightly wounded.
You barely miss the worm. You block the gnoll's attack. The worm bites you.
You block the gnoll's attack.
You barely miss the gnoll.
The gnoll is lightly wounded.
You barely miss the worm. You block the gnoll's attack. The worm bites you!
* * * LOW HITPOINT WARNING * * *
Unknown command.
Your shield and scale mail prevent you from hitting the gnoll.
The gnoll is lightly wounded.
You barely miss the worm. The gnoll hits you with a +0 spear.
* * * LOW HITPOINT WARNING * * *
The worm bites you but does no damage. You block the gnoll's attack.
Unknown command.
You slash the gnoll!
The gnoll is severely wounded.
You slash the worm! The gnoll closely misses you. You block the worm's attack.
You closely miss the gnoll.
The gnoll is severely wounded.
You hit the worm but do no damage. You block the gnoll's attack. x2
Unknown command.
You barely miss the gnoll.
The gnoll is severely wounded.
You hit the worm. The worm bites you.
You die...

####...#.#######.##.......
......###.................
....#..#.##.........#.#.#.#
#...#.#.########.##........
##<##.#.# #..)#.#.#.#.
#.##.#.# #.)........
#.##... #######..#.#.#.#.
#.##... ......w(.........
#.# #.. #####.#@#$#.#.#.#.
#.. .#. #.#g......... #.. ∆
. (#.#.#.#.# ### ##.$
....... #.# #.#.#.# #. ....
. #. #.# # ..


You could see a worm and a gnoll.

Vanquished Creatures
  2 gnolls (D:2)
  A worm (D:2)
  A dart slug (D:1)
  2 endoplasms
  3 giant cockroaches (D:1)
  3 goblins (D:1)
  3 hobgoblins (D:1)
  3 ball pythons
  2 bats (D:1)
20 creatures vanquished.

Notes
Turn   | Place    | Note
-------+----------+-------------------------------------------
     0 | D:1      | Renzlar the Gnoll Fighter began the quest for the Orb.
     0 | D:1      | Reached XP level 1. HP: 23/23 MP: 1/1
   227 | D:1      | Reached XP level 2. HP: 29/29 MP: 2/2
   736 | D:2      | Reached XP level 3. HP: 30/35 MP: 3/3
   826 | D:2      | Reached skill level 1 in Invocations
  1056 | D:2      | Slain by a worm

Illustrated notes

Levels and vault maps discovered:
D:1:      arrival_zaba_pyramid, layout_basic
D:2:      layout_loops_ring, hex_large, hangedman_glass_teeth,
          serial_bayou_pond_e

Skill      XL: |  1  2  3 |
---------------+----------+-----
Invocations    | 1 |  1.0
Fighting       | |  6.5
Short Blades   | |  0.9
Long Blades    | |  0.9
Axes           | |  4.5
Maces & Flails | |  0.9
Polearms       | |  0.9
Staves         | |  0.9
Slings         | |  0.9
Bows           | |  0.9
Crossbows      | |  0.9
Throwing       | |  0.9
Armour         | |  6.5
Dodging        | |  0.9
Stealth        | |  0.9
Shields        | |  6.5
Unarmed Combat | |  0.9
Spellcasting   | |  0.9
Conjurations   | |  0.6
Hexes          | |  0.6
Summonings     | |  0.6
Necromancy     | |  0.6
Translocations | |  0.6
Transmutations | |  0.6
Fire Magic     | |  0.6
Ice Magic      | |  0.6
Air Magic      | |  0.6
Earth Magic    | |  0.6
Poison Magic   | |  0.6
Evocations     | |  0.9

Action                   || total
-------------------------++-------
Melee: War axe           ||    59
       Bite              ||     8
 Fire: Hunting sling     ||    11
Armor: Scale mail        ||    19
Dodge: Dodged            ||    15
Block: Kite shield       ||    31
